 Dungeon Crawl Stone Soup version 0.19.5 (webtiles) character file.

106 Kullinuha the Sneak (level 4, 0/33 HPs)
             Began as a Vampire Assassin on Mar 28, 2017.
             Was a Follower of Uskayaw.
             Killed by nerve-wracking pain
             ... invoked by an orc priest
              (5 damage)
             ... on level 3 of the Dungeon on Apr 19, 2017.
             The game lasted 01:08:43 (2439 turns).

Kullinuha the Sneak (Vampire Assassin)              Turns: 2439, Time: 01:08:44

Health: 0/33       AC:  8    Str: 10    XL:     4   Next: 55%
Magic:  13/13      EV: 11    Int: 13    God:    Uskayaw [*.....]
Gold:   160        SH:  0    Dex: 16    Spells: 0 memorised, 3 levels left

rFire  + . .     SeeInvis +     a - +2 dagger
rCold  + . .     Gourm    .     h - +1 leather armour
rNeg   + . .     Faith    .     (no shield)
rPois  +         Spirit   .     (no helmet)
rElec  +         Reflect  .     d - +0 cloak
rCorr  +         Harm     .     z - +2 pair of gloves
MR     .....                    (no boots)
Stlth  ++++......               (no amulet)
                                t - ring of flight
                                w - ring of magical power

@: about to teleport, resistant
A: fangs 3, see invisible, unbreathing
a: Bat Form, Stomp, Renounce Religion, Evoke Flight


You were on level 3 of the Dungeon.
You worshipped Uskayaw.
Uskayaw was noncommittal.
You were not thirsty.

You visited 1 branch of the dungeon, and saw 3 of its levels.

You collected 160 gold pieces.

Inventory:

Hand Weapons
 a - a +2 dagger (weapon)
 b - a +0 blowgun
 m - a +0 dagger
 q - a +0 short sword
 v - a +0 hunting sling of flaming
Missiles
 e - 8 poisoned needles
 f - 2 curare-tipped needles
 l - 5 needles of confusion
Armour
 c - a +0 robe
 d - a +0 cloak (worn)
 h - a +1 leather armour (worn)
 z - a +2 pair of gloves (worn)
Jewellery
 i - an uncursed amulet of the gourmand
 j - an uncursed ring of protection from fire
 t - a ring of flight (right hand)
 w - a ring of magical power (left hand)
Scrolls
 n - a scroll of remove curse
 o - a scroll of recharging
 r - 2 scrolls of teleportation
 x - a scroll of magic mapping
 A - 3 scrolls of identify
Potions
 k - a potion of might {unknown}
 p - a potion of agility {unknown}
 s - 2 potions of curing {unknown}
 u - a potion of mutation {unknown}


   Skills:
 + Level 2.1 Fighting
 * Level 2.7 Short Blades
 + Level 1.7 Throwing
 + Level 0.7 Armour
 * Level 1.4 Dodging
 * Level 7.9 Stealth


You had 3 spell levels left.
You didn't know any spells.

Dungeon Overview and Level Annotations

Branches:
Dungeon (3/15)

Altars:
Ashenzari
Cheibriados
Kikubaaqudgha
Uskayaw
Vehumet
The Shining One


Innate Abilities, Weirdness & Mutations

You have razor-sharp teeth.
You have supernaturally acute eyesight. (SInv)
You can survive without breathing.


Message History

You closely miss the orc priest.
The orc priest invokes the aid of Beogh against you.
Pain shoots through your body!
The orc hits you from afar with a trident!
* * * LOW HITPOINT WARNING * * *
You hit the orc priest.
The orc priest is lightly wounded.
The orc priest barely misses you.
You feel protected.
The orc hits you from afar with a trident.
* * * LOW HITPOINT WARNING * * *
The orc priest hits you but does no damage.
As you read the scroll of teleportation, it crumbles to dust.
You feel strangely unstable.
The orc hits you from afar with a trident.
* * * LOW HITPOINT WARNING * * *
The orc priest hits you but does no damage.
The orc priest invokes the aid of Beogh against you.
Pain shoots through your body!
You die...

### #.##### #.....#
#)###.# #.# #.# #†###@#
#.#...# ###### #.#o###
.....# #.#o#.
.#...#######.#.#<##
............>#.#..#
.#...#######.#.#..#
.....# ...##.#.##.#####
#######....(..........#


You could see an orc priest and an orc.

Vanquished Creatures
  Terence (D:3)
  3 adders
  An ooze (D:1)
  2 worms
  A dart slug (D:2)
  A leopard gecko (D:2)
  An orc (D:3)
  2 giant cockroaches (D:1)
  5 goblins
  6 hobgoblins
  6 bats (D:1)
  4 frilled lizards
  4 kobolds (D:1)
  6 rats
43 creatures vanquished.

Notes
Turn   | Place    | Note
-------+----------+-------------------------------------------
     0 | D:1      | Kullinuha the Vampire Assassin began the quest for the Orb.
     0 | D:1      | Reached XP level 1. HP: 16/16 MP: 1/1
   146 | D:1      | Reached skill level 6 in Stealth
   257 | D:1      | Reached XP level 2. HP: 19/22 MP: 2/2
   733 | D:1      | Reached skill level 7 in Stealth
  1144 | D:2      | Reached XP level 3. HP: 27/27 MP: 3/3
  1146 | D:2      | Found a radiant altar of Vehumet.
  1410 | D:2      | Found a shattered altar of Ashenzari.
  1425 | D:2      | Found a hide-covered altar of Uskayaw.
  1434 | D:2      | Found a snail-covered altar of Cheibriados.
  1446 | D:2      | Became a worshipper of Uskayaw the Reveler
  1642 | D:2      | Reached * piety under Uskayaw
  1676 | D:2      | Reached ** piety under Uskayaw
  1735 | D:3      | Reached XP level 4. HP: 17/33 MP: 4/4
  1738 | D:3      | Reached *** piety under Uskayaw
  1812 | D:3      | Found a glowing golden altar of the Shining One.
  1924 | D:3      | Found an ancient bone altar of Kikubaaqudgha.
  1999 | D:3      | Noticed Terence
  2045 | D:3      | Killed Terence
  2439 | D:3      | Killed from afar by an orc priest

Skill      XL: |  1  2  3 |
---------------+----------+-----
Stealth        | 6 7 |  7.9
Fighting       | 2 |  2.1
Short Blades   | |  2.7
Throwing       | |  1.7
Armour         | |  0.7
Dodging        | |  1.4

Action                   |  1- 3 |  4- 6 || total
-------------------------+-------+-------++-------
Melee: Dagger            |   104 |    62 ||   166
       Bite              |     6 |    10 ||    16
 Fire: Blowgun           |     6 |       ||     6
  Use: Scroll            |     9 |     2 ||    11
       Potion            |       |     2 ||     2
 Stab: Sleeping          |     8 |     1 ||     9
  Eat: Corpse            |     4 |     3 ||     7
Armor: Leather armour    |    31 |     9 ||    40
Dodge: Dodged            |    49 |    19 ||    68
